 Dungeon Crawl Stone Soup version 0.27-a0-277-g024f7ef292 (webtiles) character file.

Game seed: 451055052540657972

123 Borgoz the Ruffian (level 5, -1/45 HPs)
             Began as a Ghoul Gladiator on Feb 5, 2021.
             Slain by Sigmund
             ... wielding a +1 scythe of protection
              (8 damage)
             ... on level 3 of the Dungeon.
             The game lasted 00:03:18 (2164 turns).

Borgoz the Ruffian (Ghoul Gladiator)                Turns: 2164, Time: 00:03:19

Health: -1/45      AC:  5    Str: 24    XL:     5   Next: 7%
Magic:  4/4        EV: 12    Int:  3    God:
Gold:   127        SH:  0    Dex: 11    Spells: 4/4 levels left

rFire    . . .     SeeInvis .     - Unarmed
rCold    + . .     Faith    .   (no shield)
rNeg     + + +     Spirit   .   a - +0 leather armour
rPois    ∞         Reflect  .   b - +0 helmet
rElec    .         Harm     .   e - +0 cloak
rCorr    .         Rampage  .   (no gloves)
Will     .....                  (no boots)
Stlth    +.........             (no amulet)
HPRegen  0.00/turn              k - +6 ring of strength
MPRegen  0.09/turn              (no ring)

@: no status effects
A: claws 1, cold resistance 1, negative energy resistance 3, inhibited
regeneration, torment resistance, unbreathing
a: no special abilities


You were on level 3 of the Dungeon.
You visited 1 branch of the dungeon, and saw 3 of its levels.

You collected 127 gold pieces.

Inventory:

Missiles
 c - 3 throwing nets (quivered)
Armour
 a - a +0 leather armour (worn)
 b - a +0 helmet (worn)
 e - a +0 cloak (worn)
Jewellery
 k - a +6 ring of strength (left claw)
Wands
 i - a wand of acid (11)
Scrolls
 d - 2 scrolls of fog
 g - a scroll of enchant weapon {unknown}
 h - 2 scrolls of remove curse
 j - a scroll of identify


   Skills:
 + Level 3.2 Fighting
 - Level 1.7 Throwing
 + Level 1.8 Armour
 + Level 3.4 Dodging
 + Level 4.2 Unarmed Combat


You had 4 spell levels left.
You didn't know any spells.
Your spell library was empty.

Dungeon Overview and Level Annotations

Branches:
Dungeon (3/15)

Altars:
Kikubaaqudgha
Zin

Annotations:
D:3 Sigmund


Innate Abilities, Weirdness & Mutations

You thrive by killing the living.
You are immune to poison.
You have sharp fingernails.
Your flesh is cold resistant. (rC+)
You are immune to negative energy. (rN+++)
You do not regenerate when monsters are visible.
You are immune to unholy pain and torment.
You can survive without breathing.


Message History

The frilled lizard bites you but does no damage.
The rat closely misses you.
You closely miss the rat. Something hits you but does no damage.
The frilled lizard closely misses you. The rat closely misses you.
You barely miss something.
You hear some strange, mumbled words.
Something tries to affect you, but you resist.
You scratch something. The frilled lizard misses you.
The rat completely misses you. Something hits you.
You miss something. The rat closely misses you.
The frilled lizard bites you but does no damage.
You closely miss something. The rat closely misses you.
The frilled lizard misses you.
You hear some strange, mumbled words.
A magic dart appears from out of thin air!
The magic dart hits you!
* * * LOW HITPOINT WARNING * * *
You scratch something but do no damage. The rat bites you but does no damage.
The frilled lizard closely misses you. Something hits you!
You die...

. .# .. .. #. .## . #.. ..
.. .. .# ...
.####.####.##..#
.......)l{....##.
###....lr@.......
#######.###.##. #......# #
#..###.##.# ### #..#
#....# ##.###..# #<#
#.######.#.##..# #.#
#....†..###.#..###.##
########.#.....##†..######


You could see 2 frilled lizards and a rat.

Vanquished Creatures
  5 adders
  An ooze (D:1)
  2 worms
  2 dart slugs (D:1)
  A leopard gecko (D:1)
  4 giant cockroaches
  9 goblins
  3 hobgoblins
  10 jackals
  3 bats (D:1)
  5 frilled lizards
  16 kobolds
  4 rats
65 creatures vanquished.

Vanquished Creatures (others)
  A hobgoblin (D:3)
1 creature vanquished.

Grand Total: 66 creatures vanquished

Notes
Turn   | Place    | Note
-------+----------+-------------------------------------------
     0 | D:1      | Borgoz the Ghoul Gladiator began the quest for the Orb.
     0 | D:1      | Reached XP level 1. HP: 17/17 MP: 0/0
   232 | D:1      | Reached XP level 2. HP: 23/25 MP: 1/1
   395 | D:1      | Reached skill level 1 in Armour
   395 | D:1      | Reached XP level 3. HP: 30/30 MP: 2/2
  1087 | D:2      | Reached XP level 4. HP: 36/37 MP: 3/3
  1285 | D:2      | Reached skill level 4 in Unarmed Combat
  1902 | D:2      | Found a glowing silver altar of Zin.
  1902 | D:2      | Found an ancient bone altar of Kikubaaqudgha.
  2068 | D:3      | Reached XP level 5. HP: 41/45 MP: 4/4
  2117 | D:3      | Noticed Sigmund
  2164 | D:3      | Slain by Sigmund

Illustrated notes

Levels and vault maps discovered:
D:1:      matt_arrival_spirals, layout_basic
D:2:      layout_basic, gammafunk_temple_overflow_pools,
          minmay_goblin_kobold_house
D:3:      layout_loops_ring, old_standard_altar, cheibrodos_ashenzari_chains,
          uniq_sigmund

Skill      XL: |  1  2  3  4 |
---------------+-------------+-----
Dodging        | 3 |  3.4
Armour         | 1 |  1.8
Fighting       | 3 |  3.2
Unarmed Combat | 4 |  4.2
Throwing       | |  1.7

Action                   |  1- 3 |  4- 6 || total
-------------------------+-------+-------++-------
Melee: Unarmed           |   137 |   114 ||   251
       Punch             |     1 |     5 ||     6
  Use: Scroll            |     2 |     4 ||     6
       Potion            |       |     4 ||     4
Armor: Leather armour    |    41 |    40 ||    81
Dodge: Dodged            |    95 |   104 ||   199

Table legend: (Time is in decaauts)
 A = Elapsed time spent in this place.
 B = Non-inter-level travel time spent in this place.
 C = Inter-level travel time spent in this place.
 D = Time resting spent in this place.
 E = Time spent auto-exploring this place.
 F = Levels seen in this place.
 G = Mean time per level.
                   A        B        C        D        E       F      G
               +--------+--------+--------+--------+--------+-----+--------+
         Total |   2145 |   2112 |     33 |     66 |   1506 |   3 |  715.0 |
       Dungeon |   2145 |   2112 |     33 |     66 |   1506 |   3 |  715.0 |
               +--------+--------+--------+--------+--------+-----+--------+

Top non-repeatable levels by time:
     D:1: 1035 daAuts
     D:2: 943 daAuts
     D:3: 166 daAuts
